 Dungeon Crawl Stone Soup version 0.29-a0-341-g24ffce5b50 (webtiles) character file.

Game seed: 14189377684322235290

121 Oblizorion the Chopper (level 5, 0/46 HPs)
             Began as a Hill Orc Fighter on Apr 20, 2022.
             Succumbed to a scorpion's poison
             ... on level 3 of the Dungeon.
             The game lasted 00:05:18 (2093 turns).

Oblizorion the Chopper (Hill Orc Fighter)           Turns: 2093, Time: 00:05:18

Health: 0/46       AC:  7    Str: 21    XL:     5   Next: 5%
Magic:  5/5        EV:  9    Int:  8    God:
Gold:   59         SH:  4    Dex: 10    Spells: 4/4 levels left

rFire   . . .      SeeInvis .   a - +0 war axe
rCold   . . .      Faith    .   c - +0 buckler
rNeg    . . .      Spirit   .   b - +0 scale mail
rPois   .          Reflect  .   (no helmet)
rElec   .          Harm     .   (no cloak)
rCorr   +          Rampage  .   (no gloves)
Will    .....                   (no boots)
Stlth   ..........              (no amulet)
HPRegen 0.15/turn               g - ring of resist corrosion
MPRegen 0.09/turn               (no ring)

@: lethally poisoned (0 -> -8)
A: no striking features
a: no special abilities


You were on level 3 of the Dungeon.
You visited 1 branch of the dungeon, and saw 4 of its levels.

You collected 59 gold pieces.

Inventory:

Hand Weapons
 a - a +0 war axe (weapon)
 n - a +0 falchion of electrocution
Missiles
 f - 3 poisoned darts (quivered)
Armour
 b - a +0 scale mail (worn)
 c - a +0 buckler (worn)
Magical Staves
 m - a staff of air
Jewellery
 g - a ring of resist corrosion (left hand)
 l - an amulet of guardian spirit
Wands
 e - a wand of digging (3)
 o - a wand of charming (6)
Scrolls
 h - 2 scrolls of amnesia {unknown}
 i - a scroll of fear {unknown}
 j - a scroll of vulnerability {unknown}
 p - a scroll of immolation {unknown}
 q - a scroll of identify {unknown}
Potions
 d - a potion of might
 k - 2 potions of curing {unknown}


   Skills:
 + Level 4.3 Fighting
 + Level 4.5 Axes
 + Level 0.4 Throwing
 + Level 4.0 Armour
 + Level 0.2 Dodging
 + Level 4.0 Shields


You had 4 spell levels left.
You didn't know any spells.
Your spell library contained the following spells:

 Spells                   Type           Power      Damage    Failure   Level
 Sandblast                Erth           0%         2d4       83%         1
 Passwall                 Tmut/Erth      0%         N/A       92%         2
 Stone Arrow              Conj/Erth      0%         3d7       99%         3
 Summon Ice Beast         Ice/Summ       0%         N/A       100%        4
 Summon Mana Viper        Hex/Summ       0%         N/A       100%        5
 Monstrous Menagerie      Summ           0%         N/A       100%        7


Dungeon Overview and Level Annotations

Branches:
Dungeon (4/15)
 Temple: D:4-7

Altars:


Message History

The iguana bites you.
You hit the iguana but do no damage.
The iguana is severely wounded.
The iguana closely misses you. x2
The scorpion closely misses you. You block the iguana's attack.
You climb upwards.
There is a stone staircase leading down here.
You block the scorpion's attack. The iguana barely misses you.
The scorpion attacks as you move away!
The scorpion stings you but does no damage.
The scorpion stings you.
You are poisoned.
The scorpion poisons you!
You barely miss the scorpion.
You feel very sick. The scorpion stings you.
You are lethally poisoned!
The scorpion poisons you!
You slash the scorpion!
The scorpion is heavily wounded.
* * * LOW HITPOINT WARNING * * *
You feel very sick.
The scorpion stings you but does no damage. x2
You slash the scorpion!
The scorpion is almost dead.
* * * LOW HITPOINT WARNING * * *
You feel very sick.
The scorpion stings you but does no damage.
The scorpion closely misses you.
You slash the scorpion!
You kill the scorpion!
* * * LOW HITPOINT WARNING * * *
You feel very sick.
Your Axes skill increases to level 4!
Your Armour skill increases to level 4!
Your Shields skill increases to level 4!
You have reached level 5!
You feel stronger.
You slash the iguana!
You kill the iguana!
You die...

#....# #..# #....#
#..#### #....# #.....#
#########.#########.##.#
........>..............#
#########..########.#..#
##########.## #.#..#
...#...###..#######.#..#
...'...'........@†.>#..#
...#...####.#######.#..#
######......## #.#..#
#.####..# #.#..#
#.#..#).# #.#..#
#.#..#.)#
#.#..##########
#.#..#..##
#.#............
##....#...#
#.#.###########
#....##.#.# #.#.#


There were no monsters in sight!

Vanquished Creatures
  A scorpion (D:3)
  An iguana (D:3)
  3 adders
  2 worms (D:3)
  2 dart slugs (D:2)
  An orc (D:3)
  3 endoplasms (D:2)
  2 giant cockroaches (D:3)
  2 goblins
  2 jackals (D:3)
  2 quokkas (D:2)
  2 ball pythons (D:3)
  A bat (D:3)
  2 frilled lizards
  3 kobolds (D:3)
  A rat (D:3)
30 creatures vanquished.

Notes
Turn   | Place    | Note
-------+----------+-------------------------------------------
     0 | D:1      | Oblizorion the Hill Orc Fighter began the quest for the
                  | Orb.
     0 | D:1      | Reached XP level 1. HP: 19/19 MP: 1/1
    16 | D:1      | You fall into a shaft and drop 1 floor!
   161 | D:2      | Reached XP level 2. HP: 10/27 MP: 2/2
   771 | D:2      | Reached XP level 3. HP: 33/33 MP: 3/3
  1323 | D:3      | Reached XP level 4. HP: 40/40 MP: 4/4
  2079 | D:4      | Noticed a scorpion
  2092 | D:3      | Killed a scorpion
  2092 | D:3      | HP: 1/40 [poisoned by a scorpion]
  2093 | D:3      | Reached XP level 5. HP: 1/46 MP: 5/5
  2093 | D:3      | Succumbed to a scorpion's poison

Illustrated notes

Levels and vault maps discovered:
D:1:      amcnicky_arrival_feature_with_door, layout_loops_cross,
          nicolae_ecumenical_snake_handling, serial_shops,
          nicolae_shop_hallway_plus, shop, shop, shop
D:2:      layout_basic
D:3:      layout_basic
D:4:      layout_basic, serial_shops, nicolae_shop_stone

Skill      XL: |  1  2  3  4 |
---------------+-------------+-----
Axes           | 3 4 |  4.5
Fighting       | 4 |  4.3
Armour         | 4 |  4.0
Shields        | 4 |  4.0
Throwing       | |  0.4
Dodging        | |  0.2

Action                   |  1- 3 |  4- 6 || total
-------------------------+-------+-------++-------
Melee: War axe           |    62 |    20 ||    82
Throw: Dart              |     4 |     1 ||     5
Armor: Scale mail        |    33 |     7 ||    40
Dodge: Dodged            |    22 |    13 ||    35
Block: Buckler           |    19 |     3 ||    22

Table legend: (Time is in decaauts)
 A = Elapsed time spent in this place.
 B = Non-inter-level travel time spent in this place.
 C = Inter-level travel time spent in this place.
 D = Time resting spent in this place.
 E = Time spent auto-exploring this place.
 F = Levels seen in this place.
 G = Mean time per level.
                   A        B        C        D        E       F      G
               +--------+--------+--------+--------+--------+-----+--------+
         Total |   2122 |   2014 |    108 |    635 |    842 |   4 |  530.5 |
       Dungeon |   2122 |   2014 |    108 |    635 |    842 |   4 |  530.5 |
               +--------+--------+--------+--------+--------+-----+--------+

Top non-repeatable levels by time:
     D:3: 1265 daAuts
     D:2: 834 daAuts
     D:1: 16 daAuts
     D:4: 7 daAuts
